 Dungeon Crawl Stone Soup version 0.30.0 (webtiles) character file.

Game seed: 9651743309177835348

873 Minorbread the Conjurer (level 7, -5/50 HPs)
             Began as a Yellow Draconian Fire Elementalist on May 30, 2023.
             Was a Believer of Vehumet.
             Shot with a bolt by an orc warrior (20 damage)
             ... on level 5 of the Dungeon.
             The game lasted 00:09:17 (5096 turns).

Minorbread the Conjurer (DrFE)                      Turns: 5096, Time: 00:09:17

Health: -5/50      AC:  6    Str: 10    XL:     7   Next: 74%
Magic:  6/14       EV: 12    Int: 18    God:    Vehumet [**....]
Gold:   325        SH:  0    Dex: 11    Spells: 10/16 levels left

rFire   . . .        f - +2 dagger (venom)
rCold   . . .        (no shield)
rNeg    . . .        (body armour unavailable)
rPois   .            (helmet restricted)
rElec   .            (no cloak)
rCorr   +            (no gloves)
SInv    .            (no boots)
Will    .....        (no amulet)
Stlth   ++           (no ring)
HPRegen 0.28/turn    (no ring)
MPRegen 0.14/turn

%: no passive effects
@: no status effects
A: spit acid, AC +6, unfitting armour, cold-blooded, acid resistance
a: Breathe Acid, Renounce Religion


You were on level 5 of the Dungeon.
You worshipped Vehumet.
Vehumet was pleased with you.
You visited 1 branch of the dungeon, and saw 5 of its levels.

You collected 325 gold pieces.

Inventory:

Hand Weapons
 f - a +2 dagger of venom (weapon)
Wands
 o - a wand of paralysis (16)
Scrolls
 c - 2 scrolls of amnesia
 h - a scroll of teleportation
 i - a scroll of magic mapping
 l - a scroll of enchant weapon {unknown}
 m - 2 scrolls of poison
 n - a scroll of silence {unknown}
 p - a scroll of vulnerability {unknown}
 t - a scroll of blinking {unknown}
 u - 2 scrolls of enchant armour {unknown}
Potions
 a - a potion of magic
 b - 2 potions of curing {unknown}
 d - a potion of haste {unknown}
 e - a potion of lignification {unknown}
 g - 2 potions of heal wounds
 j - 2 potions of attraction {unknown}
 k - a potion of invisibility {unknown}
 q - 2 potions of resistance {unknown}
 r - a potion of brilliance {unknown}
 s - a potion of cancellation {unknown}
 v - a potion of ambrosia {unknown}
 w - a potion of flight {unknown}


   Skills:
 - Level 1.7 Dodging
 - Level 1.7 Stealth
 - Level 5.0 Spellcasting
 + Level 5.3 Conjurations
 - Level 5.0 Fire Magic
 + Level 2.4 Earth Magic


You had 10 spell levels left.
You knew the following spells:

 Your Spells              Type           Power      Damage    Failure   Level
a - Foxfire               Conj/Fire      92%        2x1d8     1%          1
b - Scorch                Fire           44%        2d7       2%          2
c - Stone Arrow           Conj/Erth      36%        3d9       9%          3

Your spell library contained the following spells:

 Spells                   Type           Power      Damage    Failure   Level
 Searing Ray              Conj           46%        2d6       2%          2
 Sting                    Tmut/Pois      16%        1d3       13%         1
 Summon Small Mammal      Summ           16%        N/A       13%         1
 Inner Flame              Hex/Fire       13%        N/A       14%         3
 Volatile Blastmotes      Fire/Tloc      26%        2d12      14%         3
 Flame Wave               Conj/Fire      23%        2d8       16%         4
 Mephitic Cloud           Conj/Pois/Air  10%        N/A       19%         3
 Poisonous Vapours        Pois/Air       8%         N/A       21%         2
 Summon Guardian Golem    Hex/Summ       4%         N/A       36%         3
 Olgreb's Toxic Radiance  Pois           4%         N/A       78%         4
 Freezing Cloud           Conj/Ice/Air   5%         6-21      87%         5
 Orb of Destruction       Conj           11%        9d6       100%        7
 Spellforged Servitor     Conj/Summ      7%         N/A       100%        7
 Lehudib's Crystal Spear  Conj/Erth      9%         10d4      100%        8
 Animate Armour           Summ/Erth      Unusable   N/A       N/A         4

Dungeon Overview and Level Annotations

Branches:
Dungeon (5/15)
 Temple: D:4-7

Altars:
Hepliaklqana
Kikubaaqudgha
Nemelex Xobeh
Sif Muna
Vehumet
The Shining One


Innate Abilities, Weirdness & Mutations

You can spit globs of acid.
Your golden yellow scales are hard. (AC +6)
You cannot fit into any form of body armour.
You are cold-blooded and may be slowed by cold attacks.
You are resistant to acid. (rCorr)


Message History

You closely miss the orc warrior. The orc warrior closely misses you.
You hit the orc warrior but do no damage.
The orc hits you but does no damage. The orc warrior closely misses you.
You hit the orc warrior.
The orc warrior is lightly wounded.
The orc completely misses you.
The orc warrior hits you with a +0 glaive.
You hit the orc warrior but do no damage.
The orc warrior is poisoned.
The orc warrior is lightly wounded.
The orc hits you but does no damage.
The orc warrior hits you with a +0 glaive!
The orc attacks as you move away! The orc closely misses you.
The orc warrior attacks as you move away!
The orc warrior hits you with a +0 glaive!
The orc warrior barely misses you.
Okay, then.
Casting: Scorch (safe; 2% risk of failure)
Press: ? - help, Q - select action, (/) - cycle Dir - look around, f - activate Flames lash the orc warrior but do no damage.
The orc hits you with a +0 falchion. The orc warrior closely misses you.
Casting: Scorch (safe; 2% risk of failure)
Press: ? - help, Q - select action, (/) - cycle Dir - look around, f - activate Flames lash the orc warrior.
The orc warrior is severely wounded.
The orc warrior's fire resistance burns away.
The orc hits you with a +0 falchion. The orc warrior closely misses you.
Casting: Scorch (safe; 2% risk of failure)
Press: ? - help, Q - select action, (/) - cycle Dir - look around, f - activate Flames lash the orc warrior.
The orc warrior is burned terribly!
The orc warrior is severely wounded.
The orc hits you but does no damage.
The orc warrior hits you from afar with a +0 glaive.
* * * LOW HITPOINT WARNING * * *
Casting: Scorch (safe; 2% risk of failure)
Press: ? - help, Q - select action, (/) - cycle Dir - look around, f - activate Flames lash the orc warrior but do no damage.
The orc warrior unwields a +0 glaive.
The orc warrior wields a +0 arbalest.
The orc warrior shoots a bolt.
The bolt hits you!!
You die...

#.# #..###'##+##'###.#
###########.# #.##.....#.....#.#
#...........###.##.....#.....#.#
#.#######........'##'##'##'##'.#
#.# #.########..#.....#..#)# #.#
#.# #..#'###'#..#)# #.#
#.########[.#.....#..#.# #.#
####.##....o'[.).._..'..'.#
#.####........o.@#).#.....#..#.#
#.........<...####..#+###'#..#.#
#####.)##.##..####..#.....#g.#.#
........)...<....'##)##'##'##'.#
..<....##.##...###.....#....g#.#
#####.#.#........#.....#..g..#.#
#.##.#.#...#####+##.##.#####
#.###.###.## #.......# #.# ###
... #..####.#


You could see an orc warrior (strong, poisoned, combustible) and an orc.

Vanquished Creatures
  A black bear (D:5)
  A phantom (D:4)
  A gnoll sergeant (D:4)
  2 scorpions
  A jelly (D:5)
  A gnoll bouda (D:5)
  2 hounds (D:5)
  3 orc wizards
  A sleepcap (D:5)
  3 iguanas
  8 gnolls
  3 adders
  A white imp (D:5)
  3 worms
  2 dart slugs
  12 orcs
  7 ball pythons
  10 bats
  8 endoplasms
  4 giant cockroaches
  8 goblins
  6 hobgoblins
  5 jackals
  6 kobolds
  7 quokkas
  4 frilled lizards
110 creatures vanquished.

Vanquished Creatures (others)
  10 foxfires (D:1)
10 creatures vanquished.

Grand Total: 120 creatures vanquished

Notes
Turn   | Place    | Note
-------+----------+-------------------------------------------
     0 | D:1      | Minorbread the Draconian Fire Elementalist began the quest
                  | for the Orb.
     0 | D:1      | Reached XP level 1. HP: 14/14 MP: 3/3
   296 | D:1      | Reached XP level 2. HP: 15/20 MP: 5/5
   492 | D:1      | Learned a level 2 spell: Scorch
   879 | D:2      | Reached XP level 3. HP: 24/26 MP: 7/7
  1208 | D:2      | Found a faded altar of an unknown god.
  1745 | D:3      | Found a sparkling altar of Nemelex Xobeh.
  1852 | D:3      | Reached XP level 4. HP: 31/33 MP: 10/10
  1903 | D:3      | Found a radiant altar of Vehumet.
  1909 | D:3      | Became a worshipper of Vehumet
  2377 | D:3      | Found an ancient bone altar of Kikubaaqudgha.
  2379 | D:3      | Found a shimmering blue altar of Sif Muna.
  2397 | D:3      | Got Sif Muna's Anthology of Bringing Forth
  2846 | D:4      | Noticed a gnoll sergeant
  2894 | D:4      | Found a hazy altar of Hepliaklqana.
  2977 | D:4      | Reached skill level 5 in Spellcasting
  2977 | D:4      | Reached XP level 5. HP: 38/38 MP: 6/12
  3172 | D:4      | Reached * piety under Vehumet
  3172 | D:4      | Offered knowledge of Kiss of Death by Vehumet.
  3389 | D:4      | Learned a level 3 spell: Stone Arrow
  3478 | D:4      | Reached XP level 6. HP: 23/45 MP: 13/13
  4189 | D:5      | Entered Level 5 of the Dungeon
  4213 | D:5      | Found a glowing golden altar of the Shining One.
  4321 | D:5      | Reached skill level 5 in Fire Magic
  4321 | D:5      | Your scales start taking on a golden yellow colour.
  4321 | D:5      | Reached XP level 7. HP: 46/50 MP: 5/14
  4321 | D:5      | Gained mutation: You are resistant to acid. (rCorr) [Yellow
                  | Draconian growth]
  4484 | D:5      | HP: 2/50 [gnoll/+0 club[a gnoll bouda] (2)]
  4716 | D:5      | Reached skill level 1 in Earth Magic
  4954 | D:5      | Reached skill level 5 in Conjurations
  5000 | D:5      | Offered knowledge of Searing Ray by Vehumet.
  5068 | D:5      | Reached ** piety under Vehumet
  5096 | D:5      | Shot with a bolt by an orc warrior

Illustrated notes

Levels and vault maps discovered:
D:1:      spicycebolla_green_bress_n_ham, layout_loops_ring,
          kennysheep_nondescript, serial_park_tiny_2, st_stairs_8
D:2:      layout_basic, hellmonk_ecumenical_altar_inner_sanctum,
          grunt_ministairs_2, fountainhead, hangedman_decor_slide_cut
D:3:      minmay_recursive_quarters, layout_basic,
          grunt_temple_overflow_magic_moments, nemelex_spade_bored_becter,
          st_stairs_6, chequers_serial_rivers_large_a, dk_noncrumbling_3,
          minmay_misc_feat_encased, roderic_roman_lattice, serial_park_tiny_2,
          grunt_ministairs_13, chequers_garden
D:4:      layout_cave_pods, lemuel_round_altar
D:5:      layout_loops_ring, mainiacjoe_overflow_24_doors

Skill      XL: |  1  2  3  4  5  6  7 |
---------------+----------------------+-----
Spellcasting   | 3 4 5 |  5.0
Conjurations   | 2 4 5 |  5.3
Fire Magic     | 5 |  5.0
Earth Magic    | 2 |  2.4
Dodging        | |  1.7
Stealth        | |  1.7

Action                     |  1- 3 |  4- 6 |  7- 9 || total
---------------------------+-------+-------+-------++-------
  Melee: Dagger            |   108 |   149 |    43 ||   300
         Tailslap          |    13 |    19 |     4 ||    36
         Punch             |       |     1 |     2 ||     3
   Cast: Foxfire           |     7 |       |       ||     7
         Scorch            |       |    26 |    27 ||    53
    Use: Scroll            |       |     4 |       ||     4
         Potion            |       |     1 |     1 ||     2
   Stab: Sleeping          |     4 |     3 |     2 ||     9
 Armour: Skin              |    37 |    52 |    13 ||   102
  Dodge: Dodged            |    80 |   109 |    50 ||   239
